 Dungeon Crawl Stone Soup version 0.31.0-9-g3a7656b989 (webtiles) character file.

Game seed: 13550469157481319028

442 qw the Ducker (level 6, -3/32 HPs)
             Began as a Spriggan Hunter on Feb 2, 2024.
             Incinerated by a bombardier beetle (5 damage)
             ... with a burning spray
             ... on level 4 of the Dungeon.
             The game lasted 00:00:10 (2956 turns).

qw the Ducker (Spriggan Hunter)                     Turns: 2956, Time: 00:00:11

Health: -3/32      AC:  3    Str:  7    XL:     6   Next: 71%
Magic:  7/7        EV: 21    Int: 11    God:
Gold:   102        SH:  0    Dex: 20    Spells: 5/5 levels left

rFire   . . .        a - +0 shortbow (heavy)
rCold   . . .        (shield currently unavailable)
rNeg    . . .        c - +0 robe
rPois   .            (helmet restricted)
rElec   .            h - +0 cloak
rCorr   .            (gloves unavailable)
SInv    +            (boots unavailable)
Will    +....        (no amulet)
Stlth   +            (no ring)
HPRegen 0.25/turn    (no ring)
MPRegen 0.10/turn

%: no passive effects
@: on fire, glowing, very quick
A: very small, no large weapons, unfitting armour, see invisible, speed 3
a: no special abilities


You were on level 4 of the Dungeon.
You visited 1 branch of the dungeon, and saw 4 of its levels.

You collected 156 gold pieces.
You spent 54 gold pieces at shops.


Innate Abilities, Weirdness & Mutations

You are very small and have problems with some larger weapons.
You are too small for most types of armour.
You have supernaturally acute eyesight. (SInv)
You cover ground extremely quickly. (Speed+++)


   Skills:
 - Level 2.9 Fighting
 + Level 6.1 Ranged Weapons
 - Level 6.2 Dodging
 - Level 1.5 Stealth


You had 5 spell levels left.
You didn't know any spells.
Your spell library was empty.

Inventory:

Hand Weapons
 a - a +0 heavy shortbow (weapon)
Armour
 c - a +0 robe (worn)
 h - a +0 cloak (worn)
Scrolls
 d - 2 scrolls of teleportation
 e - 2 scrolls of identify
 f - a scroll of enchant weapon {unknown}
Potions
 b - a potion of curing
 g - a potion of might
 j - a potion of magic {unknown}
 k - a potion of mutation {unknown}
 n - a potion of ambrosia {unknown}

Dungeon Overview and Level Annotations

Branches:
Dungeon (4/15)
 Temple: D:4-7

Altars:

Shops:
D:2 *

Annotations:
D:3 1 runed translucent door, Crazy Yiuf


Message History

Found a scroll of vulnerability.
A giant cockroach comes into view.
You shoot an arrow.
The arrow hits the giant cockroach but does no damage.
You shoot an arrow. The arrow hits the giant cockroach!
You kill the giant cockroach!
A hobgoblin comes into view.
The hobgoblin shouts!
You shoot an arrow.
The arrow hits the hobgoblin but does no damage.
You see here a giant cockroach corpse.
You shoot an arrow. The arrow closely misses the hobgoblin.
A bombardier beetle comes into view.
You shoot an arrow. The arrow hits the hobgoblin!
You kill the hobgoblin!
You shoot an arrow. The arrow hits the bombardier beetle!
The bombardier beetle is severely wounded.
You shoot an arrow.
The arrow hits the bombardier beetle but does no damage.
The bombardier beetle is severely wounded.
The bombardier beetle sprays incendiary fluid at you.
The burning spray hits you.
You are covered in liquid fire!
You shoot an arrow. The arrow hits the bombardier beetle!
You kill the bombardier beetle!
The liquid fire burns you!
Your Dodging skill increases to level 6!
You are on fire!
The liquid fire burns you!
You are on fire!
The liquid fire burns you!
You are on fire!
The liquid fire burns you!
You are on fire!
The liquid fire burns you!
You are on fire!
The liquid fire burns you!
You are on fire!
The liquid fire burns you!
You die...

..#####....#
............#
.....#.....##
#.####...#.###
....###..#...####
......##........###
....#.##..........##
.##......#.#.......#
...>.....######.@..#
....####...# ##....#
...###^.....# ......#
...........?....%....#
...................###
....................
.........#.##?.......
.......... .....##..#
....#..)..


There were no monsters in sight!

Vanquished Creatures
  An ogre (D:3)
  2 bombardier beetles (D:4)
  A hound (D:4)
  An orc priest (D:4)
  Natasha (twice) (D:3)
  Terence (D:3)
  An orc wizard (D:3)
  4 gnolls
  2 adders (D:2)
  A ribbon worm (D:2)
  A dart slug (D:1)
  7 orcs
  7 endoplasms
  2 giant cockroaches
  7 goblins
  5 hobgoblins
  8 jackals
  3 quokkas
  9 ball pythons
  5 bats
  2 frilled lizards (D:1)
  5 kobolds
  3 rats
80 creatures vanquished.

Notes
Turn   | Place    | Note
-------+----------+-------------------------------------------
     0 | D:1      | qw the Spriggan Hunter began the quest for the Orb.
     0 | D:1      | Reached XP level 1. HP: 10/10 MP: 2/2
     0 | D:1      | 0 ||| qw: Version: 0.3-a-155-g5e7d8dd
     0 | D:1      | 0 ||| qw: Game counter: 992
     0 | D:1      | 0 ||| qw: Melee chars always use a shield: true
     0 | D:1      | 0 ||| qw: God list: Okawaru
     0 | D:1      | 0 ||| qw: Allow faded altars: false
     0 | D:1      | 0 ||| qw: Do Orc after clearing Dungeon:15 true
     0 | D:1      | 0 ||| qw: Do second Lair branch before Depths: true
     0 | D:1      | 0 ||| qw: Lair rune preference: random
     0 | D:1      | 0 ||| qw: Goals: Normal
     0 | D:1      | 0 ||| PLANNING D:1-11
    51 | D:1      | Reached skill level 3 in Dodging
   229 | D:1      | Reached XP level 2. HP: 14/14 MP: 3/3
   430 | D:1      | 430 ||| RETREEEEATING.
   432 | D:1      | 432 ||| RETREEEEATING.
   439 | D:1      | 439 ||| RETREEEEATING.
   450 | D:1      | HP: 2/14 [gnoll/+0 club (4)]
   452 | D:1      | Reached XP level 3. HP: 2/18 MP: 4/4
   836 | D:1      | 836 ||| READING scroll labelled AGHEKHL QUEKHY.
   837 | D:1      | 837 ||| READING 2 scrolls labelled TIGURGHUPNA.
   838 | D:1      | 838 ||| READING scroll labelled IWNOHA WOYSK.
   839 | D:1      | 839 ||| READING scroll labelled KIMUENTAWUY.
   843 | D:1      | 843 ||| DRINKING 2 yellow potions.
   844 | D:1      | 844 ||| DROPPING scroll of butterflies.
   845 | D:1      | 845 ||| DROPPING scroll of revelation.
  1021 | D:2      | Found Titoic's Assorted Antiques.
  1053 | D:2      | 1053 ||| BUYING bubbling red potion (27 gold).
  1053 | D:2      | Bought a bubbling red potion for 27 gold pieces
  1053 | D:2      | 1053 ||| BUYING metallic grey potion (27 gold).
  1053 | D:2      | Bought a metallic grey potion for 27 gold pieces
  1053 | D:2      | 1053 ||| SHOPLISTING scroll labelled VOGRIO DIRPHI (31
                  | gold, have 6).
  1053 | D:2      | 1053 ||| SHOPLISTING scroll labelled WOARRE POKHLIO (31
                  | gold, have 6).
  1099 | D:2      | Reached XP level 4. HP: 22/22 MP: 5/5
  1373 | D:2      | Identified the +5 falchion "Ubicil" {spect, rC+ Int+4}
  1378 | D:2      | 1378 ||| UPGRADING to +0 cloak.
  1383 | D:2      | 1383 ||| READING 3 scrolls labelled DIZEFITOLO.
  1384 | D:2      | 1384 ||| DRINKING 2 black potions.
  1385 | D:2      | 1385 ||| DRINKING 2 bubbling red potions.
  1386 | D:2      | 1386 ||| DROPPING 2 scrolls of fog.
  1540 | D:3      | Noticed an ogre
  1541 | D:3      | 1541 ||| DRINKING potion of haste.
  1547 | D:3      | Killed an ogre
  1548 | D:3      | Reached XP level 5. HP: 28/28 MP: 6/6
  1786 | D:3      | Noticed Terence
  1800 | D:3      | Killed Terence
  1887 | D:3      | Noticed Natasha
  1893 | D:3      | Killed Natasha
  1935 | D:3      | Reached XP level 6. HP: 19/32 MP: 7/7
  2147 | D:3      | Found a runed translucent door.
  2148 | D:3      | Noticed Crazy Yiuf
  2313 | D:3      | Noticed Natasha
  2317 | D:3      | Killed Natasha
  2524 | D:3      | 2524 ||| READING scroll labelled POH GUSKIPTI.
  2524 | D:3      | 2524 ||| BRANDING +0 shortbow.
  2525 | D:3      | 2525 ||| READING scroll labelled GOWORI YTUY.
  2525 | D:3      | 2525 ||| IDENTIFYING metallic grey potion
  2526 | D:3      | 2526 ||| READING scroll labelled WOARRE POKHLIO.
  2627 | D:3      | 2627 ||| READING scroll labelled XAFONU ROER.
  2728 | D:3      | 2728 ||| DROPPING potion of degeneration.
  2767 | D:4      | Reached skill level 6 in Ranged Weapons
  2951 | D:4      | Reached skill level 6 in Dodging
  2954 | D:4      | HP: 7/32 [burnt (6)]
  2955 | D:4      | HP: 2/32 [burnt (5)]
  2956 | D:4      | Incinerated by a bombardier beetle

Levels and vault maps discovered:
D:1:      ncdulo_halloftheorcs, layout_basic, minmay_misc_feat_nine_boxes
D:2:      layout_rooms, serial_shops, nicolae_shop_tiny_glass
D:3:      layout_basic, uniq_crazy_yiuf_cottage, uniq_terence, uniq_natasha
D:4:      cheibrodos_quashed, layout_cave_pools

Skill      XL: |  1  2  3  4  5  6 |
---------------+-------------------+-----
Dodging        | 3 4 5 6 |  6.2
Ranged Weapons | 5 6 |  6.1
Fighting       | 2 |  2.9
Stealth        | |  1.5

Action                     |  1- 3 |  4- 6 || total
---------------------------+-------+-------++-------
   Fire: Shortbow          |   116 |   130 ||   246
    Use: Scroll            |     4 |     5 ||     9
         Potion            |     1 |     3 ||     4
 Armour: Robe              |    18 |    18 ||    36
  Dodge: Dodged            |    63 |    34 ||    97

Table legend:
 A = Non-vault XP
 B = Vault XP
 C = Vault XP percentage of total XP
 D = Non-vault monster count
 E = Vault monster count
 F = Vault count percentage of total count
                 A         B        C        D         E       F
            +---------+---------+-------+---------+---------+-------
      Total |     559 |      73 |  11.6 |      78 |       2 |   2.5
            +---------+---------+-------+---------+---------+-------
        D:1 |      57 |       0 |   0.0 |      26 |       0 |   0.0
        D:2 |      98 |       0 |   0.0 |      20 |       0 |   0.0
        D:3 |     203 |      73 |  26.4 |      16 |       2 |  11.1
        D:4 |     201 |       0 |   0.0 |      16 |       0 |   0.0
            +---------+---------+-------+---------+---------+-------
